 Dungeon Crawl Stone Soup version 0.30-a0-652-gcc886f7154 (webtiles) character file.

Game seed: 14073722539953842104

170 OTABOTABOTAB the Shooter (level 5, 32/32 HPs)
             Began as a Kobold Hunter on Jan 18, 2023.
             Quit the game on level 3 of the Dungeon.
             The game lasted 00:02:22 (2188 turns).

OTABOTABOTAB the Shooter (Kobold Hunter)            Turns: 2188, Time: 00:02:23

Health: 32/32      AC:  5    Str:  8    XL:     5   Next: 80%
Magic:  5/5        EV: 16    Int: 11    God:
Gold:   128        SH:  0    Dex: 20    Spells: 4/4 levels left

rFire   . . .      SeeInvis .    a - +1 shortbow
rCold   . . .      Faith    .    (shield currently unavailable)
rNeg    . . .      Spirit   .    c - +0 leather armour
rPois   .          Reflect  .    d - +0 helmet
rElec   .          Harm     .    k - +0 cloak
rCorr   .          Rampage  .    (no gloves)
Will    .....                    (no boots)
Stlth   +++                      (no amulet)
HPRegen 0.25/turn                (no ring)
MPRegen 0.09/turn                (no ring)

@: no status effects
A: small, no large weapons, nightstalker 3
a: no special abilities


You were on level 3 of the Dungeon.
You visited 1 branch of the dungeon, and saw 3 of its levels.

You collected 128 gold pieces.

Inventory:

Hand Weapons
 a - a +1 shortbow (weapon)
Missiles
 i - 3 boomerangs
 s - 18 stones
Armour
 c - a +0 leather armour (worn)
 d - a +0 helmet (worn)
   (You took it off Robin on level 2 of the Dungeon)
 k - a +0 cloak (worn)
   (You found it on level 3 of the Dungeon)
Magical Staves
 b - a staff of conjuration
   (You found it on level 2 of the Dungeon)
Jewellery
 l - an amulet of magic regeneration
   (You found it on level 3 of the Dungeon)
Wands
 q - a wand of flame (27)
   (You found it on level 2 of the Dungeon)
Scrolls
 e - 2 scrolls of magic mapping {unknown}
 j - 2 scrolls of identify {unknown}
 m - a scroll of fog {unknown}
 n - a scroll of noise {unknown}
 K - a scroll of immolation {!r}
Potions
 f - a potion of flight {unknown}
 g - a potion of brilliance {unknown}
 h - a potion of lignification {unknown}


   Skills:
 + Level 3.5 Fighting
 * Level 7.2 Ranged Weapons
 + Level 3.9 Dodging
 - Level 1.3 Stealth


You had 4 spell levels left.
You didn't know any spells.
Your spell library contained the following spells:

 Spells                   Type           Power      Damage    Failure   Level
 Call Canine Familiar     Summ           0%         N/A       83%         3
 Kindle Blastsparks       Fire/Tloc/Air  0%         2d10      83%         3
 Ozocubu's Armour         Ice            0%         N/A       83%         3
 Portal Projectile        Hex/Tloc       0%         N/A       83%         3
 Fulminant Prism          Conj/Hex       0%         3d5       99%         4
 Iskenderun's Mystic Bla  Conj/Tloc      0%         2d3       99%         4
 Leda's Liquefaction      Hex/Erth       0%         N/A       99%         4
 Lee's Rapid Deconstruct  Erth           0%         3d4*      100%        5
 Metabolic Englaciation   Hex/Ice        0%         N/A       100%        5
 Simulacrum               Ice/Necr       0%         N/A       100%        6


Dungeon Overview and Level Annotations

Branches:
Dungeon (3/15)

Altars:
The Shining One


Innate Abilities, Weirdness & Mutations

You are small and have problems with some larger weapons.
You are completely attuned to the shadows.


Message History

A bat comes into view.
Your line of fire to the bat is blocked by a plant.
Your line of fire to the bat is blocked by a plant.
Unknown command.
Your line of fire to the bat is blocked by a plant.
Your line of fire to the bat is blocked by a plant.
Unknown command.
What are your orders? t - Shout!
Orders for allies: a - Attack new target. p - Attack previous target. r - Retreat! s - Stop attacking. g - Guard the area. f - Follow me.
Anything else - Cancel.
Okay, then.
Fire: a) +1 shortbow You can't see that place.
You can't see that place.
Okay, then.
There are no items here.
Fire: a) +1 shortbow
Aim: a bat (asleep, 98% to hit)
Your line of fire to the bat is blocked by a plant.
Fire: a) +1 shortbow
Aim: a bat (asleep, 98% to hit)
Your line of fire to the bat is blocked by a plant.
You shoot an arrow. The arrow hits the plant.
The plant begins to die.
The bat barely misses you.
Fire: a) +1 shortbow
Aim: a plant (lightly damaged, withering away, 98% to hit)
You shoot an arrow. The arrow hits the plant!
The bat hits you but does no damage. The bat attacks as you move away!
The bat hits you but does no damage. The bat completely misses you.
You shoot an arrow. The arrow hits the bat.
The bat hits you but does no damage.
You shoot an arrow. The arrow barely misses the bat.
A nearby plant withers and dies.
The bat completely misses you. The bat closely misses you.
You shoot an arrow. The arrow misses the bat.
The bat hits you but does no damage.
You shoot an arrow. The arrow hits the bat.
You kill the bat!
No target in view!
No target in view!
An orc and a ball python come into view.
There are monsters nearby!
You shoot an arrow. The arrow hits the ball python!
You kill the ball python!
The orc shouts!
You shoot an arrow. The arrow hits the orc!
You shoot an arrow. The arrow hits the orc!
You kill the orc!
A rat comes into view.
You shoot an arrow. The arrow barely misses the rat.
You shoot an arrow. The arrow hits the rat.
You shoot an arrow. The arrow hits the rat.
You kill the rat!
No target in view!
No target in view!
No target in view!
A hobgoblin comes into view.
You shoot an arrow. The arrow hits the hobgoblin.
You shoot an arrow. The arrow closely misses the hobgoblin.
You shoot an arrow. The arrow closely misses the hobgoblin.
The hobgoblin misses you. The hobgoblin closely misses you.
You shoot an arrow. The arrow hits the hobgoblin.
You kill the hobgoblin!
No target in view!
No target in view!
You see here a ball python corpse.
Found a stone staircase leading down.
A frilled lizard comes into view.
You shoot an arrow. The arrow hits the frilled lizard!
You kill the frilled lizard!
No target in view!
No target in view!
You now have 128 gold pieces (gained 11).
A hound comes into view.
The hound barks!
You shoot an arrow. The arrow closely misses the hound.
The hound misses you.
You shoot an arrow. The arrow hits the hound!
The hound barely misses you.
You shoot an arrow. The arrow hits the hound!
The hound bites you. The hound bites you but does no damage.
You take 3 damage, and have 29/32 hp.
You shoot an arrow. The arrow hits the hound!
You kill the hound!
No target in view!
No target in view!
You see here a hound corpse.
You open the door.
There is an open door here.
n - a scroll labelled EJIZXU YWUI Health restored: 32 A ball python comes into view.
You shoot an arrow. The arrow hits the ball python.
The ball python hisses angrily.
You shoot an arrow. The arrow hits the ball python.
You kill the ball python!
No target in view!
No target in view!

####### ....# .......# # ....###
................#### ........
.... ...................
.............. ............).....
.............# #†................
.#...........###@.............##.
.#......>..............###....##.
.#.......................#....##.
##.......................'....+..
#####......#P...###.######....##.
...........#......#.#............
.........#........#.#............
.....†##.#.#......#.#[...........
...........#..[.PP#.#............


There were no monsters in sight!

Vanquished Creatures
  A hound (D:3)
  Jessica (D:2)
  Robin (D:2)
  2 adders
  4 orcs (D:3)
  7 ball pythons
  3 bats
  5 endoplasms
  A giant cockroach (D:2)
  16 goblins
  10 hobgoblins
  7 jackals
  6 kobolds
  2 frilled lizards
  6 rats
72 creatures vanquished.

Vanquished Creatures (others)
  9 plants
9 creatures vanquished.

Grand Total: 81 creatures vanquished

Notes
Turn   | Place    | Note
-------+----------+-------------------------------------------
     0 | D:1      | OTABOTABOTAB the Kobold Hunter began the quest for the Orb.
     0 | D:1      | Reached XP level 1. HP: 12/12 MP: 1/1
   211 | D:1      | Reached XP level 2. HP: 18/18 MP: 2/2
   719 | D:2      | Reached XP level 3. HP: 22/22 MP: 3/3
   858 | D:2      | Reached skill level 6 in Ranged Weapons
   858 | D:2      | Reached skill level 3 in Dodging
   950 | D:2      | Noticed Jessica
   957 | D:2      | Killed Jessica
   958 | D:2      | Reached skill level 3 in Fighting
   958 | D:2      | Reached XP level 4. HP: 28/28 MP: 4/4
  1001 | D:2      | Noticed Robin
  1007 | D:2      | Killed Robin
  1553 | D:2      | Reached XP level 5. HP: 32/32 MP: 5/5
  1812 | D:3      | Found a glowing golden altar of the Shining One.
  1824 | D:3      | Reached skill level 7 in Ranged Weapons
  2188 | D:3      | Quit the game

Illustrated notes

Levels and vault maps discovered:
D:1:      lightli_arrival_maybe_door_vault, layout_basic, minmay_misc_feat_five,
          lexackson_kobold_supper
D:2:      kennysheep_the_goblin_king, layout_loops_cross, uniq_jessica,
          uniq_robin
D:3:      cheibrodos_old_hovel, layout_basic, vehumet_statue,
          old_standard_altar, hangedman_abyss_or_decor_lesser_grid

Skill      XL: |  1  2  3  4  5 |
---------------+----------------+-----
Ranged Weapons | 6 7 |  7.2
Dodging        | 3 |  3.9
Fighting       | 3 |  3.5
Stealth        | |  1.3

Action                   |  1- 3 |  4- 6 || total
-------------------------+-------+-------++-------
 Fire: Shortbow          |    50 |    98 ||   148
  Use: Scroll            |     3 |       ||     3
Armor: Leather armour    |     4 |    14 ||    18
Dodge: Dodged            |    19 |    41 ||    60

Table legend: (Time is in decaauts)
 A = Elapsed time spent in this place.
 B = Non-inter-level travel time spent in this place.
 C = Inter-level travel time spent in this place.
 D = Time resting spent in this place.
 E = Time spent auto-exploring this place.
 F = Levels seen in this place.
 G = Mean time per level.
                   A        B        C        D        E       F      G
               +--------+--------+--------+--------+--------+-----+--------+
         Total |   2221 |   2179 |     42 |     35 |   1863 |   3 |  740.3 |
       Dungeon |   2221 |   2179 |     42 |     35 |   1863 |   3 |  740.3 |
               +--------+--------+--------+--------+--------+-----+--------+

Top non-repeatable levels by time:
     D:2: 940 daAuts
     D:1: 722 daAuts
     D:3: 558 daAuts

Table legend:
 A = Kills in this place as a percentage of kills in entire the game.
 B = Kills by you in this place as a percentage of kills by you in the entire game.
 C = Kills by friends in this place as a percentage of kills by friends in the entire game.
 D = Other kills in this place as a percentage of other kills in the entire game.
 E = Experience gained in this place as a percentage of experience gained in the entire game.
 F = Experience gained in this place divided by the number of levels of this place that you have seen.
                   A       B       C       D       E      F
               +-------+-------+-------+-------+-------+----------------------
         Total | 100.0 | 100.0 |   N/A |   N/A | 100.0 |  81.3
       Dungeon | 100.0 | 100.0 |   N/A |   N/A | 100.0 |  81.3
               +-------+-------+-------+-------+-------+----------------------
